Map: Inferno Pools (Void)

Players

Javert - Winner!

  • Race: Zerg Zerg
  • League: Grandmaster

Mist

  • Race: Terran Terran
  • League: Grandmaster

VOD

Have the link to the VOD?

Description

Time

  • Played on: June 13, 2015, 10:59 p.m.
  • Length: 9:38
Show
View Real Time Build Order
Export as new Build Order

Javert Zerg - Winner!

Build Orders: Hatch First 

Get SALT Encoding   

  12  0:01  Drone  
  13  0:15  Overlord  
  13  0:19  Drone  
  14  0:34  Drone x2  
  16  0:51  Hatchery  
  16  0:56  Drone  
  16  0:59  Extractor  
  16  1:00  Drone  
  16  1:02  Drone  
  17  1:11  Drone  
  18  1:20  Spawning Pool  
  17  1:28  Drone  
  18  1:41  Overlord  
  18  1:44  Drone  
  19  1:53  Drone  
  20  2:07  Metabolic Boost  
  20  2:08  Queen  
  22  2:09  Queen  
  24  2:20  Drone x4  
  28  2:32  Zergling x2  
  28  2:33  Zergling x2  
  28  2:36  Zergling x4  
  32  2:50  Zergling x4  
  34  2:56  Overlord  
  34  3:05  Drone  
  35  3:18  Zergling x8  
  35  3:19  Zergling x4  
  39  3:33  Zergling x10  
  39  3:34  Zergling x2  
  43  3:39  Extractor  
  42  3:56  Drone  
  42  3:57  Drone  
  42  4:00  Hatchery  
  43  4:09  Overlord x2  
  43  4:11  Overlord x2  
  43  4:19  Overlord x2  
  43  4:23  Lair  
  43  4:41  Drone x4  
  43  4:42  Drone x2  
  49  4:53  Burrow  
  49  4:54  Drone x5  
  49  4:55  Drone x2  
  55  5:08  Overlord x2  
  55  5:20  Drone x3  
  55  5:21  Ventral Sacs  
  58  5:38  Drone x6  
  64  5:47  Zergling x2  
  64  5:48  Zergling x10  
  70  5:57  Spire  
  70  6:02  Overlord  
  69  6:10  Queen  
  71  6:15  Drone x2  
  71  6:16  Drone x4  
  71  6:18  Extractor x2  
  76  6:19  Extractor x2  
  73  6:31  Drone x11  
  84  6:38  Overlord x2  
  77  7:06  Drone  
  77  7:07  Drone x8  
  86  7:19  Mutalisk x3  
  92  7:23  Mutalisk x4  
  92  7:26  Overseer  
  100  7:36  Mutalisk  
  100  7:37  Mutalisk x2  
  100  7:41  Pneumatized Carapace  
  106  7:49  Roach Warren  
  106  7:50  Mutalisk x2  
  109  7:52  Overlord x4  
  109  7:59  Drone x3  
  112  8:24  Mutalisk x6  
  113  8:37  Hatchery  
  113  8:39  Extractor  
  105  8:53  Mutalisk x3  
  99  9:11  Zergling x12  
Show
View Real Time Build Order
Export as new Build Order

Mist Terran 

Build Orders: Hellion Opening, Mech 

Get SALT Encoding   

  12  0:00  SCV  
  13  0:13  SCV  
  14  0:23  Supply Depot  
  14  0:25  SCV  
  15  0:32  Refinery  
  15  0:45  SCV  
  15  0:46  Barracks  
  16  0:57  SCV  
  17  1:09  SCV  
  18  1:27  Command Center  
  18  1:39  Factory  
  18  1:50  Orbital Command  
  18  1:55  Barracks Reactor  
  18  2:17  SCV  
  19  2:37  SCV  
  19  2:38  Hellion  
  19  2:39  Hellion  
  19  2:41  Orbital Command  
  24  2:47  Supply Depot  
  24  2:49  SCV  
  24  2:50  Factory  
  25  2:54  Refinery  
  25  3:00  Hellion  
  25  3:01  SCV  
  28  3:06  Hellion  
  28  3:09  SCV  
  31  3:13  Marine  
  31  3:15  SCV  
  33  3:21  SCV  
  34  3:27  SCV  
  35  3:39  Hellion x2  
  35  3:44  Hellion  
  35  3:47  Supply Depot  
  35  3:56  SCV  
  35  3:57  SCV  
  35  4:00  Hellion x2  
  40  4:05  Hellion  
  39  4:22  Hellion x2  
  39  4:23  Supply Depot  
  43  4:38  Orbital Command  
  43  4:45  SCV, Hellion  
  46  4:46  Supply Depot  
  46  4:47  Command Center  
  46  4:52  Starport  
  46  5:08  SCV x2  
  46  5:12  Supply Depot  
  48  5:20  SCV x2  
  50  5:32  Armory, SCV  
  50  5:33  Armory  
  50  5:34  Factory Tech Lab  
  51  5:35  SCV  
  52  5:45  Viking  
  52  5:47  Hellion  
  52  5:48  Hellion  
  58  5:51  SCV  
  58  5:53  SCV  
  60  5:59  Siege Tank  
  60  6:03  Orbital Command  
  63  6:14  Supply Depot  
  63  6:15  SCV x2  
  63  6:16  Supply Depot  
  65  6:24  Terran Vehicle Weapons Level 1  
  65  6:25  Terran Vehicle Armor Level 1  
  65  6:27  SCV x2  
  65  6:30  Refinery  
  65  6:31  SCV, Refinery  
  68  6:38  Supply Depot  
  68  6:39  SCV x2  
  70  6:43  SCV  
  67  7:01  SCV  
  67  7:02  SCV  
  67  7:06  Medivac  
  71  7:13  SCV  
  71  7:14  SCV  
  73  7:16  Factory  
  73  7:17  Factory  
  73  7:21  Starport  
  73  7:23  Hellion x2, Siege Tank  
  73  7:26  SCV x2  
  82  7:32  Infernal Pre-Igniter  
  80  7:37  Medivac  
  80  7:38  Orbital Command  
  82  7:44  Hellion  
  82  7:45  Hellion  
  86  7:55  SCV x2  
  86  7:58  Siege Tank  
  91  8:00  Starport Reactor  
  91  8:03  Factory Tech Lab, Liberator  
  91  8:04  Factory Reactor  
  91  8:23  Liberator  
  71  8:48  SCV  
  67  9:00  SCV  
  60  9:13  SCV  
  52  9:25  SCV  
Tags
 
Add a new tag
Caveats
  • Supply blocks, unpowered buildings, or Contaminate may cause inaccurate times.
  • Supply counts are checked every 10 seconds.